Map: Dash and Terminal LE (Void)

Players

CunningStunt

  • Race: Protoss Protoss
  • League: Gold

kpoc - Winner!

  • Race: Protoss Protoss
  • League: Grandmaster

VOD

Have the link to the VOD?

Description

Time

  • Played on: Sept. 8, 2015, 11:17 a.m.
  • Length: 6:39
Show
View Real Time Build Order
Export as new Build Order

CunningStunt Protoss 

Build Orders:  

Get SALT Encoding   

  12  0:00  Probe (Chrono Boost)  
  13  0:10  Probe (Chrono Boost)  
  14  0:18  Pylon  
  14  0:22  Probe (Chrono Boost)  
  15  0:36  Probe (Chrono Boost)  
  15  0:39  Gateway  
  16  0:46  Probe (Chrono Boost)  
  17  0:56  Probe (Chrono Boost)  
  18  1:06  Probe (Chrono Boost)  
  19  1:15  Assimilator  
  19  1:18  Probe (Chrono Boost)  
  19  1:21  Pylon  
  20  1:29  Cybernetics Core  
  20  1:33  Probe (Chrono Boost)  
  21  1:43  Probe (Chrono Boost)  
  22  1:50  Nexus  
  22  1:53  Probe (Chrono Boost)  
  23  2:06  Adept  
  25  2:09  Warp Gate  
  25  2:11  Probe (Chrono Boost)  
  25  2:12  Assimilator  
  26  2:21  Probe (Chrono Boost)  
  27  2:35  Gateway  
  27  2:44  Mothership Core (Chrono Boost)  
  28  2:51  Pylon  
  28  2:55  Adept  
  29  3:19  Probe (Chrono Boost)  
  27  3:20  Probe (Chrono Boost)  
  27  3:23  Adept  
  27  3:30  Probe (Chrono Boost)  
  27  3:31  Probe (Chrono Boost)  
  28  3:41  Probe (Chrono Boost)  
  29  3:43  Probe (Chrono Boost)  
  29  3:51  Probe (Chrono Boost)  
  29  3:53  Probe (Chrono Boost)  
  31  4:01  Probe (Chrono Boost)  
  32  4:03  Probe (Chrono Boost)  
  33  4:11  Probe (Chrono Boost)  
  33  4:12  Robotics Facility  
  33  4:13  Probe (Chrono Boost), Twilight Council  
  33  4:16  Pylon  
  35  4:19  Pylon  
  35  4:21  Probe (Chrono Boost)  
  36  4:26  Probe (Chrono Boost), Pylon  
  37  4:37  Probe x2 (Chrono Boost)  
  39  4:47  Probe (Chrono Boost)  
  39  4:52  Probe (Chrono Boost)  
  41  4:57  Probe (Chrono Boost)  
  42  5:02  Probe (Chrono Boost)  
  44  5:07  Observer, Robotics Bay  
  44  5:09  Pylon  
  42  5:23  Probe x2 (Chrono Boost)  
  42  5:26  Assimilator  
  42  5:28  Assimilator  
  44  5:33  Probe (Chrono Boost)  
  44  5:34  Probe (Chrono Boost), Observer, Shield Upgrade  
  47  5:44  Probe x2 (Chrono Boost)  
  47  5:47  Nexus  
  47  5:48  Pylon  
  49  5:52  Adept  
  49  5:53  Adept  
  49  5:54  Probe x2 (Chrono Boost)  
  59  6:25  Stalker  
  61  6:26  Stalker  
Show
View Real Time Build Order
Export as new Build Order

kpoc Protoss - Winner!

Build Orders: Double Forge 

Get SALT Encoding   

  12  0:01  Probe (Chrono Boost)  
  13  0:14  Pylon  
  13  0:17  Probe (Chrono Boost)  
  14  0:27  Probe (Chrono Boost)  
  15  0:34  Gateway  
  15  0:37  Probe (Chrono Boost)  
  16  0:47  Probe (Chrono Boost)  
  17  0:52  Gateway  
  17  0:58  Probe (Chrono Boost)  
  17  1:00  Assimilator  
  18  1:08  Probe (Chrono Boost)  
  19  1:16  Pylon  
  19  1:18  Probe (Chrono Boost)  
  20  1:24  Cybernetics Core  
  20  1:28  Probe (Chrono Boost)  
  21  1:34  Assimilator  
  21  1:38  Probe (Chrono Boost)  
  22  1:49  Probe (Chrono Boost)  
  23  1:59  Warp Gate (Chrono Boost)  
  27  2:02  Adept x2 (Chrono Boost)  
  27  2:06  Probe  
  28  2:12  Pylon  
  28  2:19  Probe  
  29  2:41  Nexus  
  29  2:43  Pylon  
  29  2:46  Mothership Core  
  31  3:07  Probe  
  32  3:29  Probe  
  33  3:40  Probe (Chrono Boost)  
  34  3:51  Probe (Chrono Boost)  
  35  3:59  Stalker  
  35  4:00  Stalker  
  35  4:01  Probe (Chrono Boost)  
  35  4:02  Probe (Chrono Boost)  
  41  4:06  Assimilator  
  41  4:08  Assimilator  
  41  4:11  Probe (Chrono Boost)  
  41  4:12  Probe (Chrono Boost)  
  41  4:15  Gateway  
  41  4:16  Robotics Facility  
  43  4:18  Pylon  
  43  4:19  Pylon  
  43  4:21  Probe (Chrono Boost)  
  43  4:22  Probe (Chrono Boost)  
  45  4:26  Pylon  
  45  4:34  Probe x2 (Chrono Boost)  
  47  4:46  Probe x2 (Chrono Boost)  
  47  4:50  Twilight Council  
  47  4:51  Forge  
  49  4:56  Probe (Chrono Boost), Forge  
  49  4:57  Forge  
  49  4:59  Pylon  
  50  5:00  Stalker  
  50  5:03  Adept  
  54  5:09  Probe x2 (Chrono Boost)  
  56  5:20  Stalker  
  56  5:23  Stalker  
  56  5:24  Stalker  
  60  5:30  Warp Prism  
  62  5:39  Probe  
  62  5:40  Probe  
  64  5:51  Probe  
  64  5:52  Probe  
  64  6:17  Probe x2  
  66  6:30  Zealot  
  66  6:31  Zealot x2  
Tags
 
Add a new tag
Caveats
  • Supply blocks, unpowered buildings, or Contaminate may cause inaccurate times.
  • Supply counts are checked every 10 seconds.